 Dungeon Crawl Stone Soup version 0.24-a0-525-g9231cdcba1 (console) character file.

Game seed: 547113463730976869

12044 Abuh the Basher (level 11, -1/115 HPs)
             Began as a Gargoyle Fighter on Aug 1, 2019.
             Was a High Priest of Okawaru.
             Slain by a water moccasin (5 damage)
             ... on level 1 of the Lair of Beasts.
             The game lasted 00:43:59 (11956 turns).

Abuh the Basher (Gargoyle Fighter)                 Turns: 11956, Time: 00:43:59

Health: -1/115     AC: 20    Str: 27    XL:     11   Next: 87%
Magic:  11/11      EV:  7    Int: 10    God:    Okawaru [*****.]
Gold:   618        SH:  9    Dex:  9    Spells: 10/10 levels left

rFire    . . .     SeeInvis .   L - +1 flail (holy)
rCold    + . .     Gourm    .   c - +0 shield
rNeg     + . .     Faith    .   C - +3 scale mail {rC+}
rPois    ∞         Spirit   .   (no helmet)
rElec    +         Reflect  .   (no cloak)
rCorr    .         Harm     .   w - +1 pair of gloves
MR       +....                  (no boots)
Stlth    ..........             (no amulet)
HPRegen  0.29/turn              e - ring of protection from magic
MPRegen  0.12/turn              m - +2 ring of slaying

@: berserking, very quick
A: negative energy resistance 1, electricity resistance, unbreathing,
petrification resistance, rot immunity, AC +8
a: Heroism, Finesse, Renounce Religion


You were on level 1 of the Lair of Beasts.
You worshipped Okawaru.
Okawaru was extremely pleased with you.
You were hungry.

You visited 3 branches of the dungeon, and saw 12 of its levels.

You collected 618 gold pieces.

Inventory:

Hand Weapons
 a - a +0 flail
 E - a +4 scimitar of flaming
 I - a +0 dire flail
 L - a +1 flail of holy wrath (weapon)
 M - a +2 mace of holy wrath
Armour
 b - a +0 scale mail
 c - a +0 shield (worn)
 v - a +0 plate armour
 w - a +1 pair of gloves (worn)
 C - a +3 scale mail of cold resistance (worn)
Jewellery
 e - a ring of protection from magic (left hand)
 m - a +2 ring of slaying (right hand)
 n - an uncursed ring of protection from magic
 y - an uncursed ring of attention
Wands
 d - a wand of scattershot (13)
 q - a wand of iceblast (19)
 A - a wand of flame (29)
Scrolls
 g - 2 scrolls of immolation
 h - 3 scrolls of identify
 j - 3 scrolls of remove curse
 k - 4 scrolls of teleportation
 l - 2 scrolls of magic mapping
 s - 2 scrolls of enchant weapon {unknown}
 D - a scroll of brand weapon {unknown}
 F - 2 scrolls of random uselessness {unknown}
Potions
 o - a potion of invisibility {unknown}
 p - 2 potions of lignification
 r - 3 potions of agility
 t - a potion of cancellation
 u - 3 potions of degeneration
 z - 2 potions of brilliance
 G - a potion of resistance {unknown}
 H - a potion of mutation {unknown}
 J - a potion of flight {unknown}
Comestibles
 f - 21 rations


   Skills:
 + Level 12.9 Fighting
 - Level 14.0 Maces & Flails
 - Level 3.2 Armour
 - Level 3.2 Shields


You had 10 spell levels left.
You didn't know any spells.
Your spell library contained the following spells:

 Spells                   Type           Power        Failure   Level  Hunger
 Magic Dart               Conj           #...         98%         1    ##.....
 Shock                    Conj/Air       #...         98%         1    ##.....
 Blink                    Tloc           N/A          99%         2    ###....
 Call Imp                 Summ           #.......     99%         2    ###....
 Slow                     Hex            #.......     99%         2    ###....
 Swiftness                Chrm/Air       #.......     99%         2    ###....
 Conjure Flame            Conj/Fire      #.......     100%        3    ####...
 Mephitic Cloud           Conj/Pois/Air  #.......     100%        3    ####...
 Static Discharge         Conj/Air       #.......     100%        3    ####...
 Airstrike                Air            #.........   100%        4    #####..
 Lightning Bolt           Conj/Air       #.........   100%        5    ######.


Dungeon Overview and Level Annotations

Branches:
Dungeon (10/15)            Temple (1/1) D:4            Lair (1/6) D:8
    Orc (0/2) D:9

Altars:
Ashenzari
Cheibriados
Dithmenos
Elyvilon
Fedhas
Gozag
Hepliaklqana
Kikubaaqudgha
Makhleb
Nemelex Xobeh
Okawaru
Qazlal
Ru
Sif Muna
Trog
Uskayaw
Vehumet
Wu Jian
Xom
Yredelemnul
Zin
The Shining One

Shops:
D:7 *

Annotations:
D:6 1 runed translucent door, stripedtigrrr's ghost, novice HOFi


Innate Abilities, Weirdness & Mutations

You are resistant to torment.
Your stone body is resilient. (AC +8)
You are immune to poison.
You resist negative energy. (rN+)
You are resistant to electric shocks. (rElec)
You can survive without breathing.
You are immune to petrification.
You are immune to rotting.


Message History

You bludgeon the blink frog!!
The blink frog is severely wounded.
The blink frog blinks!
The blink frog hits you.
* * * LOW HITPOINT WARNING * * *
The water moccasin completely misses you.
You completely miss the blink frog.
The blink frog is severely wounded.
You feel less wooden.
Your +1 pair of gloves unmelds from your body.
Your +3 scale mail of cold resistance unmelds from your body.
You feel resistant to cold.
The blink frog hits you but does no damage.
The water moccasin bites you but does no damage.
You closely miss the blink frog.
The blink frog is severely wounded.
You sock the blink frog!
You kill the blink frog!
Okawaru accepts your kill. The water moccasin bites you.
You die...

.......P.P## ...........#
...#.....#.# . ##...##.#
#. ##.....# ... #.....##
..(..#.....###
.....#.......###########
#......(†††..............
..####.S@)........####...
. #..##.......##......
....%>...............#
####.##P##§..#.....###.
.. ####............. ...
#...........#.. .!.
.......#.#...... #...
.##....##...(...
................
.....####(###.#.


You could see a water moccasin.

Vanquished Creatures
  Erica (D:9)
  Urug (Lair:1)
  An ugly thing (D:9)
  Psyche (D:9)
  A merfolk (D:9)
  A troll (D:9)
  2 hippogriffs
  3 blink frogs (Lair:1)
  A shadow (D:9)
  A wyvern (D:10)
  9 yaks
  Grum (D:8)
  7 porcupines
  An ice beast (D:7)
  2 orc warriors
  An eye of draining (D:10)
  6 sky beasts
  2 phantoms
  3 necrophages (D:7)
  8 black bears
  2 ogres
  2 centaurs
  2 crocodiles (Lair:1)
  2 wolves (D:8)
  4 big kobolds
  Blork the orc (D:4)
  9 bullfrogs
  A wyvern zombie (D:7)
  5 scorpions
  4 wights
  12 killer bees
  5 howler monkeys
  5 crimson imps
  2 bullfrog zombies
  9 hounds
  4 jellies
  A bullfrog skeleton (D:10)
  2 orc priests
  A gnoll shaman (D:7)
  4 orc wizards
  A centaur skeleton (D:6)
  4 iguanas
  9 worker ants
  3 hound skeletons
  13 adders
  3 gnolls (D:7)
  2 shadow imps
  2 oozes
  An adder zombie (D:9)
  3 adder skeletons
  2 worms
  5 leopard geckos
  23 orcs
  5 ball pythons
  5 giant cockroaches
  4 goblins
  7 hobgoblins
  11 jackals
  32 kobolds
  3 quokkas
  9 bats
  6 frilled lizards
  A jackal skeleton (D:4)
  2 leopard gecko skeletons
  A leopard gecko zombie (D:6)
  A quokka skeleton (D:6)
  9 rats
297 creatures vanquished.

Vanquished Creatures (others)
  13 fungi (D:8)
  8 plants
21 creatures vanquished.

Grand Total: 318 creatures vanquished

Notes
Turn   | Place    | Note
-------+----------+-------------------------------------------
     0 | D:1      | Abuh the Gargoyle Fighter began the quest for the Orb.
     0 | D:1      | Reached XP level 1. HP: 14/14 MP: 1/1
   125 | D:1      | Reached XP level 2. HP: 19/19 MP: 2/2
   467 | D:1      | Reached skill level 3 in Maces & Flails
   488 | D:1      | Reached XP level 3. HP: 24/24 MP: 3/3
  1311 | D:2      | Reached XP level 4. HP: 18/29 MP: 4/4
  1842 | D:3      | Reached skill level 4 in Maces & Flails
  1875 | D:3      | Reached XP level 5. HP: 24/34 MP: 5/5
  2252 | D:3      | Found a stormy altar of Qazlal.
  2667 | D:4      | Reached skill level 5 in Maces & Flails
  2672 | D:4      | Reached XP level 6. HP: 25/40 MP: 6/6
  2865 | D:4      | Reached skill level 5 in Fighting
  2979 | D:4      | Found a staircase to the Ecumenical Temple.
  3244 | D:4      | Noticed a sky beast
  3255 | D:4      | Killed a sky beast
  3387 | D:4      | Reached skill level 6 in Maces & Flails
  3531 | D:4      | Reached XP level 7. HP: 41/44 MP: 7/7
  3646 | D:4      | Noticed Blork the orc
  3656 | D:4      | Killed Blork the orc
  4000 | D:5      | Entered Level 5 of the Dungeon
  4043 | D:5      | Reached skill level 7 in Maces & Flails
  4264 | D:5      | Reached XP level 8. HP: 52/52 MP: 8/8
  4513 | D:5      | Noticed a hippogriff
  4524 | D:5      | Killed a hippogriff
  4754 | D:6      | Reached skill level 8 in Maces & Flails
  5138 | D:6      | Found a runed translucent door.
  5138 | D:6      | Noticed stripedtigrrr's ghost (novice HOFi)
  5416 | D:6      | Found a blossoming altar of Fedhas.
  5837 | D:7      | Reached skill level 9 in Maces & Flails
  5855 | D:7      | Reached XP level 9. HP: 50/58 MP: 9/9
  6053 | D:7      | Reached skill level 10 in Maces & Flails
  6285 | D:7      | Found Suir's Assorted Antiques.
  6866 | D:7      | Found an ancient bone altar of Kikubaaqudgha.
  7486 | D:8      | Found a staircase to the Lair.
  7527 | D:8      | Reached skill level 11 in Maces & Flails
  7556 | D:8      | Reached XP level 10. HP: 47/66 MP: 10/10
  8010 | Temple   | Entered the Ecumenical Temple
  8057 | Temple   | Became a worshipper of Warmaster Okawaru
  8428 | D:8      | Found a bloodstained altar of Trog.
  8547 | D:8      | Found a shattered altar of Ashenzari.
  8547 | D:8      | Found a glowing golden altar of the Shining One.
  8547 | D:8      | Found a deep blue altar of Sif Muna.
  8548 | D:8      | Found a snail-covered altar of Cheibriados.
  8557 | D:8      | Reached skill level 12 in Maces & Flails
  8707 | D:8      | Reached skill level 10 in Fighting
  8785 | D:8      | Noticed Grum
  8806 | D:8      | Killed Grum
  8806 | D:8      | Reached * piety under Okawaru
  9150 | D:9      | Found a basalt altar of Yredelemnul.
  9216 | D:9      | Noticed a green ugly thing
  9227 | D:9      | Killed a green ugly thing
  9227 | D:9      | Reached ** piety under Okawaru
  9229 | D:9      | Noticed Erica
  9250 | D:9      | Killed Erica
  9250 | D:9      | Reached skill level 13 in Maces & Flails
  9250 | D:9      | Reached XP level 11. HP: 43/73 MP: 11/11
  9918 | D:9      | Found a staircase to the Orcish Mines.
  9948 | D:9      | Noticed Psyche
  9965 | D:9      | Killed Psyche
 10071 | D:9      | Reached *** piety under Okawaru
 10195 | D:9      | Found a radiant altar of Vehumet.
 10379 | D:9      | Found a shadowy altar of Dithmenos.
 10414 | D:9      | Found a burning altar of Makhleb.
 10582 | D:10     | Entered Level 10 of the Dungeon
 10863 | D:10     | Reached skill level 14 in Maces & Flails
 11011 | D:10     | Reached **** piety under Okawaru
 11817 | Lair:1   | Entered Level 1 of the Lair of Beasts
 11920 | Lair:1   | Noticed Urug
 11938 | Lair:1   | HP: 2/114 [Urug/+4 eveningstar (5)]
 11945 | Lair:1   | Killed Urug
 11945 | Lair:1   | Reached ***** piety under Okawaru
 11951 | Lair:1   | HP: 4/115 [blink frog (8)]
 11956 | Lair:1   | Slain by a water moccasin

Levels and vault maps discovered:
D:1:      evilmike_arrival_run_for_it, layout_loops_ring
D:2:      wad_crossroads, layout_rooms, minmay_tetromino_i2
D:3:      layout_basic, grunt_qazlal_clouds
D:4:      layout_basic, minmay_temple_entry_statues, first_ration,
          uniq_blork_the_orc
D:5:      layout_loops_ring
D:6:      layout_loops_corners, fedhas_altar_decomposition,
          ebering_ghost_inner_flame
D:7:      layout_layer_cave, nicolae_overflow_crystal_walls, serial_undead,
          serial_undead_e, serial_undead_a, serial_undead_a, serial_undead_b,
          serial_shops, kennysheep_little_box
D:8:      layout_basic, trog_ov_bears_minmay,
          chequers_temple_overflow_statue_of_worship,
          due_lair_maze_entry_diamond, uniq_grum
D:9:      layout_long_grid, old_standard_altar,
          nicolae_dithmenos_through_a_glass_darkly, overflow_temple_1_default,
          makhleb_grotto_becter, david_orc_3, hangedman_fish_farm,
          minmay_misc_feat_tiny, uniq_psyche, uniq_erica
D:10:     layout_irregular_city
Temple:   cyrus_temple_forest
Lair:1:   minmay_lair_oklob_tunnel, layout_misc_corridors, uniq_urug

Skill      XL: |  1  2  3  4  5  6  7  8  9 10 11 |
---------------+----------------------------------+-----
Maces & Flails | 3 4 5 6 7 9 11 13 14 | 14.0
Fighting       | 4 5 6 7 9 10 12 | 12.9
Armour         | |  3.2
Shields        | |  3.2

Action                   |  1- 3 |  4- 6 |  7- 9 | 10-12 || total
-------------------------+-------+-------+-------+-------++-------
Melee: Flail             |   144 |   159 |   407 |   611 ||  1321
  Use: Scroll            |       |     8 |     1 |     3 ||    12
       Potion            |       |     1 |       |    16 ||    17
  Eat: Chunk             |     2 |     6 |     3 |     8 ||    19
       Ration            |       |       |     4 |     1 ||     5
Armor: Scale mail        |    78 |   111 |    55 |   299 ||   543
       Plate armour      |       |       |   329 |    58 ||   387
       Skin              |       |       |       |    62 ||    62
Dodge: Dodged            |    49 |    70 |    95 |   172 ||   386
Block: Shield            |    63 |   107 |   203 |   309 ||   682

Table legend:
 A = Non-vault XP
 B = Vault XP
 C = Vault XP percentage of total XP
 D = Non-vault monster count
 E = Vault monster count
 F = Vault count percentage of total count
                 A         B        C        D         E       F
            +---------+---------+-------+---------+---------+-------
      Total |   11872 |    5335 |  31.0 |     258 |      39 |  13.1
            +---------+---------+-------+---------+---------+-------
        D:1 |      34 |       5 |  12.8 |      25 |       1 |   3.8
        D:2 |      52 |       8 |  13.3 |      17 |       5 |  22.7
        D:3 |     158 |       0 |   0.0 |      24 |       0 |   0.0
        D:4 |     543 |      96 |  15.0 |      23 |       1 |   4.2
        D:5 |     602 |       0 |   0.0 |      11 |       0 |   0.0
        D:6 |     458 |       0 |   0.0 |      15 |       0 |   0.0
        D:7 |    1430 |     492 |  25.6 |      35 |       5 |  12.5
        D:8 |    1415 |    2111 |  59.9 |      31 |      17 |  35.4
        D:9 |    2913 |    1792 |  38.1 |      28 |       9 |  24.3
       D:10 |    2793 |       0 |   0.0 |      40 |       0 |   0.0
     Lair:1 |    1474 |     831 |  36.1 |       9 |       1 |  10.0
            +---------+---------+-------+---------+---------+-------
